 Dungeon Crawl Stone Soup version 0.30.1-11-g7821555f0a (webtiles) character file.

Game seed: 15985604398592852154

2149 jagang the Fighter (level 9, -5/76 HPs)
             Began as a Human Monk on Dec 22, 2023.
             Succumbed to an orc wizard's poison
             ... on level 6 of the Dungeon.
             The game lasted 00:12:49 (5016 turns).

jagang the Fighter (Human Monk)                     Turns: 5016, Time: 00:12:49

Health: -5/76      AC: 12    Str: 12    XL:     9   Next: 56%
Magic:  9/9        EV:  8    Int: 10    God:
Gold:   344        SH:  5    Dex: 29    Spells: 8/8 levels left

rFire   + . .        D - +6 triple sword of Hepliaklqana's Hatred {spect, rElec}
rCold   + . .        (shield currently unavailable)
rNeg    . . .        N - +0 chain mail
rPois   .            (no helmet)
rElec   +            (no cloak)
rCorr   +            F - +0 pair of gloves
SInv    .            M - +0 pair of boots
Will    .....        l - amulet of reflection
Stlth   ++           E - ring of Hedonism {Fire Dex+3 Stlth+}
HPRegen 0.32/turn    g - ring "Piaqecvo" {rC++ Will- rCorr Dex+6 Stlth+}
MPRegen 0.11/turn

%: reflection
@: lethally poisoned (-5 -> -29), attractive, flying, studying Fighting
A: no striking features
a: no special abilities


You were on level 6 of the Dungeon.
You visited 1 branch of the dungeon, and saw 6 of its levels.
You also visited: Ossuary.

You collected 344 gold pieces.

Inventory:

Hand Weapons
 a - a +0 falchion
 D - the +6 triple sword of Hepliaklqana's Hatred (weapon) {spect, rElec}
   (You acquired it on level 5 of the Dungeon)

   rElec:     It insulates you from electricity.
Missiles
 I - 2 poisoned darts
Armour
 d - an orb of light
 p - a +0 buckler
 F - a +0 pair of gloves (worn)
 M - a +0 pair of boots (worn)
 N - a +0 chain mail (worn)
Jewellery
 f - a ring of ice
 g - the ring "Piaqecvo" (right hand) {rC++ Will- rCorr Dex+6 Stlth+}
   (You acquired it on level 4 of the Dungeon)

   [ring of dexterity]

   Dex:       It affects your dexterity (+6).
   rC:        It greatly protects you from cold.
   rCorr:     It protects you from acid and corrosion.
   Will:      It decreases your willpower.
   Stlth:     It makes you more stealthy.
 k - a ring of willpower
 l - an amulet of reflection (around neck)
 E - the ring of Hedonism (left hand) {Fire Dex+3 Stlth+}
   (You acquired it on level 5 of the Dungeon)

   [ring of fire]

   It enhances your fire magic.
   Dex:       It affects your dexterity (+3).
   rF:        It protects you from fire.
   rC:        It makes you vulnerable to cold.
   Stlth:     It makes you more stealthy.
Wands
 o - a wand of flame (18) (quivered)
 L - a wand of roots (18)
Scrolls
 b - a scroll of noise
 e - a scroll of summoning
 j - a scroll of torment
 m - 2 scrolls of blinking
 s - a scroll of amnesia
 v - a scroll of vulnerability {unknown}
 w - a scroll of enchant armour {unknown}
 x - a scroll of immolation {unknown}
 y - 4 scrolls of fog {unknown}
 z - a scroll of fear {unknown}
 A - 2 scrolls of magic mapping {unknown}
 H - a scroll of identify
 J - a scroll of enchant weapon {unknown}
 K - a scroll of teleportation {unknown}
Potions
 c - a potion of ambrosia
 h - a potion of heal wounds {unknown}
 i - a potion of curing {unknown}
 n - 3 potions of attraction
 q - a potion of magic {unknown}
 r - 2 potions of haste {unknown}
 t - 3 potions of mutation
 u - 3 potions of flight
 B - a potion of might {unknown}
 C - a potion of cancellation {unknown}
 G - a potion of berserk rage {unknown}
 O - 2 potions of lignification {unknown}
 P - a potion of invisibility {unknown}


   Skills:
 * Level 9.2 Fighting
 + Level 6.9 Long Blades
 + Level 2.5 Throwing
 + Level 6.0 Armour
 - Level 3.0 Dodging
 - Level 3.2 Shields


You had 8 spell levels left.
You didn't know any spells.
Your spell library contained the following spells:

 Spells                   Type           Power      Damage    Failure   Level
 Sandblast                Erth           0%         2d4       100%        1
 Summon Small Mammal      Summ           0%         N/A       100%        1
 Passwall                 Tmut/Erth      0%         N/A       100%        2
 Call Canine Familiar     Summ           0%         N/A       100%        3
 Ozocubu's Armour         Ice            0%         N/A       100%        3
 Portal Projectile        Hex/Tloc       0%         N/A       100%        3
 Stone Arrow              Conj/Erth      0%         3d7       100%        3
 Summon Guardian Golem    Hex/Summ       0%         N/A       100%        3
 Leda's Liquefaction      Hex/Erth       0%         N/A       100%        4
 Ozocubu's Refrigeration  Ice            0%         4d7       100%        7


Dungeon Overview and Level Annotations

Branches:
Dungeon (6/15)            Ossuary (visited)
 Temple: D:4-7

Altars:
Ashenzari
Cheibriados
Fedhas
Gozag
Nemelex Xobeh
Okawaru
Wu Jian
Yredelemnul


Message History

You closely miss the orc priest.
You feel extremely sick. The orc barely misses you. Something hits you.
The orc priest hits you but does no damage.
You slice the orc priest!!
You kill the orc priest!
You feel very sick.
The orc hits you from afar with a +0 trident.
Something hits you.
* * * LOW HITPOINT WARNING * * *
You are lethally poisoned!
Something hits you but does no damage.
You are more poisoned.
The orc hits you but does no damage.
You barely miss something.
Your +6 triple sword of Hepliaklqana's Hatred {spect, rElec} misses something.
* * * LOW HITPOINT WARNING * * *
You feel extremely sick.
You hear some strange, mumbled words.
A magic dart appears from out of thin air!
The magic dart hits you.
* * * LOW HITPOINT WARNING * * *
You block the orc's attack.
It was a potion of flight.
You feel very buoyant.
You fly up into the air.
Your +6 triple sword of Hepliaklqana's Hatred {spect, rElec} disappears.
* * * LOW HITPOINT WARNING * * *
You feel very sick. Something hits you.
* * * LOW HITPOINT WARNING * * *
You are more poisoned.
The orc hits you from afar with a +0 trident.
* * * LOW HITPOINT WARNING * * *
Okay, then.
Unknown command.
Okay, then.
It was a potion of attraction.
You feel attractive to monsters.
You die...

..# #.# #.# #.# #.#
#.# #.# #.# #.# #.#
###.#######.#
###?..........#####
#.....)..........<#
####@##############
#{)...# oo....#
#......# '...####
##...# #####


You could see 2 orcs.

Vanquished Creatures
  A hornet (D:6)
  A wraith (D:5)
  A water moccasin (D:5)
  2 sky beasts (D:6)
  2 ice beasts (D:6)
  A centaur (D:5)
  2 ogres
  A bullfrog (D:6)
  3 scorpions
  3 killer bees (D:6)
  A howler monkey (D:5)
  3 hounds
  A jelly (D:5)
  An orc priest (D:6)
  3 human zombies (Ossuary)
  2 iguanas (D:5)
  A sleepcap (D:6)
  2 orc wizards
  3 hound zombies (Ossuary)
  3 mummies (Ossuary)
  A gnoll (D:5)
  6 adders
  An ufetubus (D:5)
  2 adder zombies (Ossuary)
  2 dart slugs (D:5)
  16 orcs
  10 ball pythons
  10 endoplasms
  4 giant cockroaches (D:1)
  A gnoll zombie (Ossuary)
  5 goblins
  5 hobgoblins
  10 jackals
  3 kobolds
  3 quokkas
  7 bats
  5 frilled lizards
  4 goblin zombies (Ossuary)
  4 hobgoblin zombies (Ossuary)
  2 jackal zombies (Ossuary)
  2 kobold zombies (Ossuary)
  2 orc zombies (Ossuary)
  6 quokka zombies (Ossuary)
  5 rats
  5 rat zombies (Ossuary)
158 creatures vanquished.

Notes
Turn   | Place    | Note
-------+----------+-------------------------------------------
     0 | D:1      | jagang the Human Monk began the quest for the Orb.
     0 | D:1      | Reached XP level 1. HP: 18/18 MP: 1/1
   129 | D:1      | Reached XP level 2. HP: 24/24 MP: 2/2
   181 | D:1      | Reached skill level 1 in Armour
   483 | D:1      | Reached XP level 3. HP: 25/29 MP: 3/3
  1092 | D:2      | Reached XP level 4. HP: 35/35 MP: 4/4
  1471 | D:3      | Found a basalt altar of Yredelemnul.
  1471 | D:3      | Found an iron altar of Okawaru.
  1494 | D:3      | Found a broken altar of Ashenzari.
  1497 | D:3      | Found a blossoming altar of Fedhas.
  1499 | D:3      | Found a snail-covered altar of Cheibriados.
  1504 | D:3      | Found a sparkling altar of Nemelex Xobeh.
  2220 | D:4      | Identified a scroll of acquirement
  2223 | D:4      | Acquired the ring "Piaqecvo" {rC++ Will- rCorr Dex+6
                  | Stlth+}
  2268 | D:4      | Noticed an ogre
  2282 | D:4      | Killed an ogre
  2283 | D:4      | Reached skill level 4 in Fighting
  2283 | D:4      | Reached XP level 5. HP: 32/42 MP: 5/5
  2335 | D:4      | Found a sand-covered staircase.
  2349 | Ossuary  | Entered an ossuary
  2416 | Ossuary  | Reached skill level 1 in Shields
  2416 | Ossuary  | Reached XP level 6. HP: 32/48 MP: 6/6
  3016 | D:4      | Reached XP level 7. HP: 55/55 MP: 7/7
  3315 | D:5      | Entered Level 5 of the Dungeon
  3321 | D:5      | Reached skill level 5 in Long Blades
  3332 | D:5      | Reached skill level 5 in Fighting
  3696 | D:5      | Acquired a manual of Fighting
  3698 | D:5      | Acquired the +6 triple sword of Hepliaklqana's Hatred
                  | {spect, rElec}
  3706 | D:5      | Acquired the ring of Hedonism {Fire Dex+3 Stlth+}
  3943 | D:5      | Noticed a wraith
  3950 | D:5      | Killed a wraith
  3951 | D:5      | Reached XP level 8. HP: 53/64 MP: 8/8
  4001 | D:5      | Reached skill level 6 in Fighting
  4210 | D:5      | Reached skill level 5 in Armour
  4640 | D:6      | Reached skill level 7 in Fighting
  4703 | D:6      | Noticed a hornet
  4707 | D:6      | Killed a hornet
  4708 | D:6      | Reached skill level 1 in Throwing
  4708 | D:6      | Reached XP level 9. HP: 74/74 MP: 9/9
  4713 | D:6      | Found an opulent altar of Gozag.
  4722 | D:6      | Reached skill level 8 in Fighting
  4796 | D:6      | Identified the +8 long sword "Bemu Weph" {drain, Fly}
  4887 | D:6      | Found an ornate altar of the Wu Jian Council.
  4988 | D:6      | Reached skill level 9 in Fighting
  5015 | D:6      | HP: 1/76 [orc/+0 trident (5)]
  5016 | D:6      | Succumbed to an orc wizard's poison

Illustrated notes

Levels and vault maps discovered:
D:1:      psy_arrival_spokes, layout_basic
D:2:      layout_loops_ring, minmay_crystal_room
D:3:      layout_basic, nicolae_overflow_hallway_of_the_gods,
          serial_bayou_lake_a
D:4:      layout_rooms, nicolae_ossuary_entry_monument
D:5:      cheibrodos_barr_body, layout_basic, serial_glass, glass_columns_b,
          glass_columns_c, minivault_5
D:6:      layout_basic, mainiacjoe_overflow_small_starburst,
          nicolae_gozag_seed_capital, minmay_temple_entry_mini_moons

Skill      XL: |  1  2  3  4  5  6  7  8  9 |
---------------+----------------------------+-----
Armour         | 1 2 3 4 5 6 |  6.0
Fighting       | 4 5 7 9 |  9.2
Long Blades    | 4 5 6 |  6.9
Shields        | 1 2 3 |  3.2
Throwing       | 1 2 |  2.5
Dodging        | |  3.0

Action                     |  1- 3 |  4- 6 |  7- 9 || total
---------------------------+-------+-------+-------++-------
  Melee: Falchion          |   112 |   208 |    63 ||   383
         Triple sword      |       |       |    62 ||    62
  Evoke: Wand              |       |     1 |     6 ||     7
    Use: Scroll            |       |     7 |     4 ||    11
         Potion            |       |       |     2 ||     2
   Stab: Sleeping          |       |     1 |     3 ||     4
 Armour: Robe              |    10 |       |       ||    10
         Leather armour    |    22 |     3 |       ||    25
         Scale mail        |       |    66 |    37 ||   103
         Chain mail        |       |       |    20 ||    20
  Dodge: Dodged            |    91 |   102 |    54 ||   247
  Block: Orb               |       |    51 |    18 ||    69
         Other             |       |       |    17 ||    17
